 Dungeon Crawl Stone Soup version 0.27-a0-277-g024f7ef292 (webtiles) character file.

Game seed: 15182895631407889425

116 Murumi the Conjurer (level 5, -7/48 HPs)
             Began as an Ogre Conjurer on Feb 5, 2021.
             Killed by divine providence
             ... invoked by an orc priest
              (15 damage)
             ... on level 3 of the Dungeon.
             The game lasted 00:07:44 (2362 turns).

Murumi the Conjurer (Ogre Conjurer)                 Turns: 2362, Time: 00:07:45

Health: -7/48      AC:  3    Str: 12    XL:     5   Next: 1%
Magic:  1/9        EV:  9    Int: 19    God:
Gold:   165        SH:  0    Dex:  7    Spells: 7/10 levels left

rFire    . . .     SeeInvis .   f - +1 club
rCold    . . .     Faith    .   (no shield)
rNeg     . . .     Spirit   .   a - +0 robe
rPois    .         Reflect  .   (helmet restricted)
rElec    .         Harm     .   (no cloak)
rCorr    .         Rampage  .   (gloves unavailable)
Will     .....                  (boots unavailable)
Stlth    ++........             (no amulet)
HPRegen  0.16/turn              (no ring)
MPRegen  0.11/turn              (no ring)

@: very slightly contaminated, invisible
A: large, unfitting armour, tough skin 1
a: no special abilities


You were on level 3 of the Dungeon.
You visited 1 branch of the dungeon, and saw 3 of its levels.

You collected 165 gold pieces.

Inventory:

Hand Weapons
 f - a +1 club (weapon)
Missiles
 d - 3 javelins
 e - 53 stones (quivered)
 j - 19 poisoned darts
Armour
 a - a +0 robe (worn)
Scrolls
 g - 2 scrolls of enchant weapon
 h - 2 scrolls of teleportation
 k - a scroll of remove curse
Potions
 b - a potion of might
 c - a potion of mutation
 l - a potion of haste {unknown}


   Skills:
 - Level 1.0 Fighting
 + Level 1.8 Maces & Flails
 - Level 2.0 Throwing
 - Level 2.0 Dodging
 - Level 2.0 Stealth
 - Level 3.0 Spellcasting
 - Level 4.0 Conjurations


You had 7 spell levels left.
You knew the following spells:

 Your Spells              Type           Power        Failure   Level
a - Magic Dart            Conj           72%          3%          1
b - Searing Ray           Conj           36%          4%          2

Your spell library contained the following spells:

 Spells                   Type           Power        Failure   Level
 Dazzling Flash           Conj/Hex       20%          21%         3
 Fulminant Prism          Conj/Hex       5%           54%         4
 Iskenderun's Mystic Bla  Conj/Tloc      10%          54%         4


Dungeon Overview and Level Annotations

Branches:
Dungeon (3/15)

Altars:


Innate Abilities, Weirdness & Mutations

You are too large for most types of armour.
You have tough skin. (AC +1)


Message History

You kill the goblin!
Things that are here:
a +0 club; a cursed +0 leather armour; an orc corpse You see here an orc corpse.
Things that are here:
a +0 dagger; a +0 ring mail
Things that are here:
a +0 short sword; a +0 scale mail; an orc corpse An orc priest comes into view.
It is wielding a +0 hand axe.
The orc priest shouts!
Things that are here:
a +0 short sword; a +0 scale mail; an orc corpse It was a potion of invisibility.
You fade into invisibility!
You hear the slow rusting of a very distant drain.
You are very lightly contaminated with residual magic.
You barely miss the orc priest.
The orc priest mumbles some strange prayers to Beogh against you.
Beogh smites you!
You die...

#. .### ####### ..#
#.....#### ## ##.##
#.....#.. .# #<..#
#.....#.# .# #...#
#.....#.# .##
####...###.†.(...## ..#
..........#.#()#..###..#
#.........##.#..@)†)...#
#.........##.##(#o####.#
####...#####.#...... #
#...# .......### #....
..#....#
#..............#
###.##....(...## #.#
#...#...# #.# ..


You could see an orc priest.

Vanquished Creatures
  An orc priest (D:3)
  An adder (D:3)
  An ooze (D:1)
  3 worms
  3 dart slugs
  A leopard gecko (D:2)
  3 orcs (D:3)
  3 bats
  4 giant cockroaches
  5 goblins
  3 hobgoblins
  11 jackals
  2 kobolds (D:1)
  A quokka (D:2)
  3 frilled lizards
  8 rats
53 creatures vanquished.

Notes
Turn   | Place    | Note
-------+----------+-------------------------------------------
     0 | D:1      | Murumi the Ogre Conjurer began the quest for the Orb.
     0 | D:1      | Reached XP level 1. HP: 16/16 MP: 3/3
   184 | D:1      | Reached skill level 4 in Conjurations
   184 | D:1      | Reached XP level 2. HP: 24/24 MP: 3/5
   187 | D:1      | Learned a level 2 spell: Searing Ray
   400 | D:1      | Reached XP level 3. HP: 8/31 MP: 0/7
  1013 | D:2      | Found a faded altar of an unknown god.
  1044 | D:2      | Reached skill level 1 in Throwing
  1670 | D:2      | Reached skill level 1 in Maces & Flails
  1764 | D:2      | Reached XP level 4. HP: 40/40 MP: 6/8
  1983 | D:2      | Reached skill level 1 in Fighting
  2353 | D:3      | Reached XP level 5. HP: 7/48 MP: 0/9
  2362 | D:3      | Killed from afar by an orc priest

Illustrated notes

Levels and vault maps discovered:
D:1:      psy_arrival_dodecagon, layout_rooms, grunt_decor_cap
D:2:      layout_loops_ring, chequers_ecumenical_altar_island
D:3:      layout_loops_cross, cheibrodos_sewer_entry_bend

Skill      XL: |  1  2  3  4 |
---------------+-------------+-----
Conjurations   | 4 |  4.0
Spellcasting   | 3 |  3.0
Dodging        | 2 |  2.0
Stealth        | 2 |  2.0
Throwing       | 1 2 |  2.0
Maces & Flails | 1 |  1.8
Fighting       | 1 |  1.0

Action                   |  1- 3 |  4- 6 || total
-------------------------+-------+-------++-------
Melee: Unarmed           |    37 |       ||    37
       Club              |    20 |    18 ||    38
Throw: Javelin           |     7 |     3 ||    10
       Stone             |     4 |     7 ||    11
 Cast: Magic Dart        |    66 |     4 ||    70
       Searing Ray       |     2 |     4 ||     6
  Use: Scroll            |     8 |     1 ||     9
       Potion            |       |     1 ||     1
Armor: Robe              |    17 |     2 ||    19
Dodge: Dodged            |    33 |     7 ||    40

Table legend: (Time is in decaauts)
 A = Elapsed time spent in this place.
 B = Non-inter-level travel time spent in this place.
 C = Inter-level travel time spent in this place.
 D = Time resting spent in this place.
 E = Time spent auto-exploring this place.
 F = Levels seen in this place.
 G = Mean time per level.
                   A        B        C        D        E       F      G
               +--------+--------+--------+--------+--------+-----+--------+
         Total |   2385 |   2258 |    127 |      0 |   1904 |   3 |  795.0 |
       Dungeon |   2385 |   2258 |    127 |      0 |   1904 |   3 |  795.0 |
               +--------+--------+--------+--------+--------+-----+--------+

Top non-repeatable levels by time:
     D:2: 1383 daAuts
     D:1: 918 daAuts
     D:3: 83 daAuts
